 Dungeon Crawl Stone Soup version 0.30-a0-243-gaa749bd8e4 (webtiles) character file.

Game seed: 84115274547382131

48 Morbidden the Digger (level 3, 0/32 HPs)
             Began as a Troll Earth Elementalist on Oct 11, 2022.
             Slain by Sigmund
             ... wielding a +0 scythe
              (11 damage)
             ... on level 2 of the Dungeon.
             The game lasted 00:01:54 (1103 turns).

Morbidden the Digger (Troll Earth Elementalist)     Turns: 1103, Time: 00:01:55

Health: 0/32       AC:  4    Str: 16    XL:     3   Next: 50%
Magic:  1/4        EV: 10    Int: 13    God:
Gold:   87         SH:  0    Dex: 10    Spells: 0/4 levels left

rFire   . . .      SeeInvis .      - Unarmed
rCold   . . .      Faith    .    (no shield)
rNeg    . . .      Spirit   .    a - +0 robe
rPois   .          Reflect  .    (helmet restricted)
rElec   .          Harm     .    (no cloak)
rCorr   .          Rampage  .    (gloves unavailable)
Will    .....                    (boots unavailable)
Stlth   +.........               (no amulet)
HPRegen 1.05/turn                (no ring)
MPRegen 0.09/turn                (no ring)

@: mighty
A: large, unfitting armour, claws 3, regeneration 1, shaggy fur 1, tough skin 1
a: no special abilities


You were on level 2 of the Dungeon.
You visited 1 branch of the dungeon, and saw 3 of its levels.

You collected 87 gold pieces.

Inventory:

Armour
 a - a +0 robe (worn)
Scrolls
 c - 2 scrolls of identify {unknown}
 f - a scroll of noise {unknown}
 g - a scroll of immolation {unknown}
 h - a scroll of teleportation {unknown}
Potions
 b - a potion of magic
 e - a potion of haste {unknown}


   Skills:
 * Level 0.3 Fighting
 * Level 2.1 Dodging
 + Level 1.0 Stealth
 * Level 1.1 Unarmed Combat
 * Level 1.4 Spellcasting
 * Level 0.1 Conjurations
 * Level 1.0 Transmutations
 * Level 3.0 Earth Magic


You couldn't memorise any spells.
You knew the following spells:

 Your Spells              Type           Power      Damage    Failure   Level
a - Sandblast             Erth           16%        2d6       8%          1
b - Stone Arrow           Conj/Erth      10%        3d7       38%         3

Your spell library contained the following spells:

 Spells                   Type           Power      Damage    Failure   Level
 Passwall                 Tmut/Erth      5%         N/A       19%         2
 Petrify                  Tmut/Erth      6%         N/A       75%         4


Dungeon Overview and Level Annotations

Branches:
Dungeon (3/15)

Altars:
Trog

Annotations:
D:2 Sigmund


Innate Abilities, Weirdness & Mutations

You are too large for most types of armour.
You have claws for hands.
Your natural rate of healing is unusually fast.
You are covered in fur. (AC +1)
You have tough skin. (AC +1)


Message History

The blast of sand hits Sigmund.
Sigmund is heavily wounded.
Sigmund barely misses you.
Casting: Sandblast (safe; 8% risk of failure)
Confirm with . or Enter, or press ? or * to list all spells.
Aiming: Sandblast (safe; 8% risk of failure)
Press: ? - help, Shift-Dir - straight line, f/p - Sigmund
Aim: Sigmund, wielding a +0 scythe and wearing a +0 robe (heavily wounded, 78% to hit)
The blast of sand hits Sigmund.
Sigmund is heavily wounded.
Sigmund closely misses you.
Casting: Sandblast (safe; 8% risk of failure)
Confirm with . or Enter, or press ? or * to list all spells.
Aiming: Sandblast (safe; 8% risk of failure)
Press: ? - help, Shift-Dir - straight line, f/p - Sigmund
Aim: Sigmund, wielding a +0 scythe and wearing a +0 robe (heavily wounded, 78% to hit)
You miscast Sandblast.
You are very lightly contaminated with residual magic.
Nothing appears to happen.
Unknown command.
Sigmund casts a spell.
Sigmund flickers and vanishes!
Deactivating autopickup; reactivate with Ctrl-A.
You see here a ball python corpse.
Unknown command.
You miss something. Something hits you!
You miss something.
Unknown command.
Something hits you but does no damage.
There is a stone staircase leading down here.
You scratch something. Something hits you!
Unknown command.
It was a potion of might.
You feel very mighty all of a sudden.
Unknown command.
You scratch something. Something hits you!
Your magical contamination has completely faded away.
Unknown command.
You miss something. Something hits you!
You die...

#...###.....)......
#...# #....†.......
. #####
####.######## ..
#.#### ###.#
#....####....#
##...........#
#.#...÷.##
####+###..##
#......{@.#
#......†.##
#.$......#
#........#
#........#
#........#
#........#
##########


There were no monsters in sight!

Vanquished Creatures
  An adder (D:3)
  2 dart slugs
  3 ball pythons
  An endoplasm (D:1)
  5 goblins
  2 hobgoblins (D:1)
  7 jackals (D:1)
  3 quokkas (D:1)
  2 bats
  A frilled lizard (D:1)
  2 kobolds
  A rat (D:2)
30 creatures vanquished.

Notes
Turn   | Place    | Note
-------+----------+-------------------------------------------
     0 | D:1      | Morbidden the Troll Earth Elementalist began the quest for
                  | the Orb.
     0 | D:1      | Reached XP level 1. HP: 16/16 MP: 1/1
   122 | D:1      | Reached XP level 2. HP: 21/24 MP: 0/3
   247 | D:1      | Reached skill level 3 in Earth Magic
   379 | D:1      | Reached XP level 3. HP: 22/32 MP: 1/4
   592 | D:1      | Learned a level 3 spell: Stone Arrow
   657 | D:2      | Noticed Sigmund
   685 | D:3      | Reached skill level 1 in Unarmed Combat
   852 | D:3      | Found a bloodstained altar of Trog.
   878 | D:3      | Reached skill level 1 in Transmutations
  1103 | D:2      | Slain by Sigmund

Illustrated notes

Levels and vault maps discovered:
D:1:      doesnt_arrival_eight_statues, layout_rooms
D:2:      layout_basic, uniq_sigmund, uniq_robin
D:3:      layout_loops_ring, amcnicky_altar_gilded, gammafunk_ghost_icy,
          hellmonk_ecumenical_altar_slurped_away, nicolae_figureground_sparkle

Skill      XL: |  1  2  3 |
---------------+----------+-----
Earth Magic    | 3 |  3.0
Dodging        | 2 |  2.1
Unarmed Combat | 1 |  1.1
Transmutations | 1 |  1.0
Fighting       | |  0.3
Stealth        | |  1.0
Spellcasting   | |  1.4
Conjurations   | |  0.1

Action                   || total
-------------------------++-------
Melee: Unarmed           ||    92
       Punch             ||     1
 Cast: Sandblast         ||    26
  Use: Potion            ||     1
 Stab: Sleeping          ||     1
Armor: Robe              ||    45
Dodge: Dodged            ||    49

Table legend: (Time is in decaauts)
 A = Elapsed time spent in this place.
 B = Non-inter-level travel time spent in this place.
 C = Inter-level travel time spent in this place.
 D = Time resting spent in this place.
 E = Time spent auto-exploring this place.
 F = Levels seen in this place.
 G = Mean time per level.
                   A        B        C        D        E       F      G
               +--------+--------+--------+--------+--------+-----+--------+
         Total |   1115 |   1083 |     32 |    157 |    635 |   3 |  371.7 |
       Dungeon |   1115 |   1083 |     32 |    157 |    635 |   3 |  371.7 |
               +--------+--------+--------+--------+--------+-----+--------+

Top non-repeatable levels by time:
     D:1: 611 daAuts
     D:3: 413 daAuts
     D:2: 91 daAuts
